 Dungeon Crawl Stone Soup version 0.24-a0-284-g9fb9971df1 (webtiles) character file.

Game seed: 15360550161532647038

5648 Redear the Covert (level 10, 0/72 HPs)
             Began as an Octopode Fighter on May 5, 2019.
             Was a Priest of Zin.
             Succumbed to a killer bee's poison
             ... on level 10 of the Dungeon.
             The game lasted 00:18:50 (9870 turns).

Redear the Covert (Octopode Fighter)                Turns: 9870, Time: 00:18:50

Health: 0/72       AC:  1    Str: 15    XL:     10   Next: 74%
Magic:  10/10      EV: 16    Int: 12    God:    Zin [***...]
Gold:   407        SH: 10    Dex: 14    Spells: 9/9 levels left

rFire    . . .     SeeInvis .   o - +4 whip
rCold    . . .     Gourm    .   b - +0 shield
rNeg     . . .     Faith    .   (helmet restricted)
rPois    .         Spirit   .   (no amulet)
rElec    .         Reflect  .   (no ring)
rCorr    .         Harm     .   (no ring)
MR       .....                  (no ring)
Stlth    ++++++....             (no ring)
HPRegen  0.22/turn              (no ring)
MPRegen  0.12/turn              (no ring)
                                (no ring)
                                (no ring)

@: lethally poisoned (0 -> -3), studying Stealth, lightly drained
A: almost no armour, stealthy swim, amphibious, 8 rings, constrict 8, camouflage
1, gelatinous body 1
a: Recite, Vitalisation, Imprison, Donate Gold, Renounce Religion


You were on level 10 of the Dungeon.
You worshipped Zin.
Zin was most pleased with you.
You were not hungry.

You visited 2 branches of the dungeon, and saw 11 of its levels.

You collected 449 gold pieces.
You donated 42 gold pieces to Zin.

Inventory:

Hand Weapons
 a - a +0 flail
 h - a +1 dagger of draining
 o - a +4 whip (weapon)
Missiles
 k - 306 stones
 Z - a throwing net (quivered) {+f}
Armour
 b - a +0 shield (worn)
Wands
 P - a wand of paralysis (16)
Scrolls
 g - a scroll of random uselessness
 q - 7 scrolls of fog
 t - 2 scrolls of enchant weapon
 N - 5 scrolls of remove curse {@r2}
 R - 2 scrolls of identify {@r1}
 T - a scroll of teleportation {@r3}
Potions
 d - a potion of berserk rage
 f - a potion of agility {Stlth+ Dex+5 EV+5 | @q4}
 j - a potion of magic
 l - 2 potions of flight
 p - 3 potions of lignification
 s - 3 potions of brilliance {Archmagi Int+5 Wiz++}
Books
 r - a manual of Stealth
Comestibles
 z - 26 rations


   Skills:
 + Level 7.9(7.6) Fighting
 + Level 7.5(7.3) Maces & Flails
 + Level 7.9(7.7) Dodging
 + Level 10.9(10.7) Stealth
 + Level 7.9(7.7) Shields


You had 9 spell levels left.
You didn't know any spells.
Your spell library was empty.

Dungeon Overview and Level Annotations

Branches:
Dungeon (10/15)            Temple (1/1) D:6
   Lair: D:8-11         Orc: D:9-12

Altars:
Ashenzari
Cheibriados
Dithmenos
Elyvilon
Fedhas
Gozag
Hepliaklqana
Kikubaaqudgha
Makhleb
Nemelex Xobeh
Qazlal
Ru
Sif Muna
Trog
Uskayaw
Wu Jian
Yredelemnul
Zin
The Shining One

Shops:
D:5 :   D:8 [   D:9 *

Annotations:
D:5 1 runed translucent door
D:9 Joseph


Innate Abilities, Weirdness & Mutations

You cannot wear most types of armour.
You are very stealthy in the water. (Stealth+)
You are amphibious.
You can wear up to eight rings at the same time.
You can use your tentacles to constrict eight enemies at once.
Your skin changes colour to match your surroundings (Stealth+).
Your rubbery body absorbs attacks. (AC +1, EV +1)


Message History

Something hits you!
* * * LOW HITPOINT WARNING * * *
The killer bee stings you.
* * * LOW HITPOINT WARNING * * *
You are lethally poisoned!
The killer bee poisons you! You block the killer bee's attack.
There is a stone staircase leading down here.
You take 10 damage, and have 2/72 hp.
* * * LOW HITPOINT WARNING * * *
You feel sick.
You take 1 damage, and have 1/72 hp.
Okay, then.
Okay, then.
Evoke which item? (* to show all) (? for menu, Esc to quit)
Okay, then.
Unknown command.
Press: ? - help, Dir - move target cursor, f - killer bee
Aim: a killer bee You fail to use your ability.
You die...

,***,,....##..##............,,,,,
,,,,......##..##............,,,,,
,,........##..##............,,,,,
,,##.###..##..##....y.......,,,,,
,,*#.* #..##..##....).......,,,,,
,,*#,* #..##..##............,,,,,
,,**,* #..##..##y...........,,,,,
,,**,* #......##y####....(..,,,,,
,,**,* #...†..##@# *.......,,,,,
,,**,* #.###..##.# *.......***,,
,,**,* #.* #..##.# *.......* *,,
,,**,* #.* #..##.# *,.....,* *,,
,,**,* #.* #..##.# *,,,,,,,* *,,
,,**,* #.* #..##.# *,,,,,,,* *,,
,,**,* #.# #.....# *,,***,,* *,,
,,#*,* #.# #.....# *,,* *,,* *,,
,,..,* #.# #..<..# *,,* *,,* *,>


You could see 3 killer bees.

Vanquished Creatures
  A hydra (D:8)
  Maurice (D:8)
  2 dream sheep (D:8)
  3 hippogriffs
  2 yaks (D:8)
  2 sky beasts (D:9)
  3 ice beasts
  A phantom (D:8)
  A black bear (D:9)
  2 orc warriors (D:6)
  2 ogres
  3 centaurs
  5 bullfrogs
  6 big kobolds
  2 scorpions
  A killer bee (D:10)
  A wight (D:10)
  A howler monkey (D:4)
  A centaur zombie (D:8)
  4 crimson imps
  2 bullfrog zombies
  A quasit (D:9)
  5 hounds
  An orc priest (D:8)
  A bullfrog skeleton (D:8)
  A jelly (D:9)
  3 centaur skeletons
  4 orc wizards
  7 worker ants
  3 iguanas
  2 killer bee zombies
  2 hound zombies
  2 hound skeletons
  12 adders
  2 oozes
  An adder skeleton (D:7)
  4 worms
  2 dart slugs
  2 leopard geckos
  25 orcs
  2 giant cockroaches
  3 goblins
  6 hobgoblins
  11 jackals
  15 kobolds
  3 quokkas
  3 ball pythons
  4 bats
  A frilled lizard (D:2)
  A leopard gecko skeleton (D:6)
  A leopard gecko zombie (D:8)
  A quokka skeleton (D:4)
  2 rats
179 creatures vanquished.

Notes
Turn   | Place    | Note
-------+----------+-------------------------------------------
     0 | D:1      | Redear the Octopode Fighter began the quest for the Orb.
     0 | D:1      | Reached XP level 1. HP: 16/16 MP: 1/1
   303 | D:1      | Reached XP level 2. HP: 20/21 MP: 2/2
   507 | D:1      | Reached skill level 1 in Stealth
   773 | D:2      | Reached XP level 3. HP: 20/26 MP: 3/3
  1097 | D:2      | Found a shattered altar of Ashenzari.
  1719 | D:3      | Reached skill level 2 in Stealth
  1724 | D:3      | Reached XP level 4. HP: 20/31 MP: 4/4
  2146 | D:3      | Found an ornate altar of the Wu Jian Council.
  2387 | D:3      | Reached XP level 5. HP: 35/36 MP: 5/5
  2546 | D:4      | Reached skill level 3 in Maces & Flails
  2546 | D:4      | Reached skill level 3 in Stealth
  2786 | D:4      | Reached XP level 6. HP: 39/43 MP: 6/6
  2804 | D:4      | Reached skill level 4 in Fighting
  2804 | D:4      | Reached skill level 4 in Dodging
  2804 | D:4      | Reached skill level 4 in Shields
  2970 | D:4      | Reached skill level 4 in Stealth
  3108 | D:5      | Entered Level 5 of the Dungeon
  3110 | D:5      | Noticed an ice beast
  3173 | D:5      | Reached skill level 5 in Stealth
  3173 | D:5      | Reached XP level 7. HP: 37/48 MP: 7/7
  3359 | D:5      | Found a glowing golden altar of the Shining One.
  3360 | D:5      | Found a runed translucent door.
  3360 | D:5      | Noticed an angel
  3495 | D:5      | Found Jarun's Book Boutique.
  3653 | D:5      | Reached skill level 4 in Maces & Flails
  3653 | D:5      | Reached skill level 6 in Stealth
  4405 | D:6      | Reached skill level 5 in Dodging
  4405 | D:6      | Reached XP level 8. HP: 50/54 MP: 8/8
  4476 | D:6      | Reached skill level 5 in Shields
  4508 | D:6      | Reached skill level 5 in Fighting
  4518 | D:6      | Found a staircase to the Ecumenical Temple.
  5100 | Temple   | Entered the Ecumenical Temple
  5175 | Temple   | Became a worshipper of Zin the Law-Giver
  5175 | Temple   | Reached * piety under Zin
  5234 | D:7      | Noticed a hippogriff
  5261 | D:7      | Killed a hippogriff
  5468 | D:7      | Reached skill level 5 in Maces & Flails
  5479 | D:7      | Reached ** piety under Zin
  5574 | D:7      | Reached skill level 6 in Dodging
  5685 | D:7      | Reached skill level 6 in Shields
  5711 | D:7      | Reached skill level 6 in Fighting
  5711 | D:7      | Reached XP level 9. HP: 41/62 MP: 9/9
  6165 | D:8      | Noticed Maurice
  6290 | D:8      | Reached skill level 6 in Maces & Flails
  6302 | D:8      | Killed Maurice
  6615 | D:8      | Reached skill level 7 in Stealth
  6818 | D:8      | Found Colul's Antique Armour Shoppe.
  6894 | D:8      | Found a sacrificial altar of Ru.
  7185 | D:8      | HP: 5/63 [hippogriff (5)]
  7188 | D:8      | Reached skill level 7 in Fighting
  7188 | D:8      | Reached skill level 7 in Dodging
  7188 | D:8      | Reached skill level 8 in Stealth
  7188 | D:8      | Reached skill level 7 in Shields
  7555 | D:8      | Noticed a three-headed hydra
  7581 | D:8      | Killed a three-headed hydra
  7581 | D:8      | Reached skill level 7 in Maces & Flails
  7581 | D:8      | Reached skill level 9 in Stealth
  7581 | D:8      | Reached XP level 10. HP: 33/71 MP: 10/10
  7614 | D:8      | HP: 2/71 [yak (12)]
  7620 | D:8      | HP: 1/71 [poisoned by a big kobold]
  8036 | D:8      | Reached skill level 10 in Stealth
  8568 | D:9      | Found Akestru's General Store.
  8784 | D:9      | Reached *** piety under Zin
  9338 | D:9      | Noticed Joseph
  9677 | D:10     | Entered Level 10 of the Dungeon
  9865 | D:10     | HP: 7/72 [something (8)]
  9868 | D:10     | HP: 3/72 [something (9)]
  9869 | D:10     | HP: 1/72 [poisoned by a killer bee]
  9870 | D:10     | Succumbed to a killer bee's poison

Levels and vault maps discovered:
D:1:      shiori_arrival_oz, layout_basic, minivault_11
D:2:      layout_loops_ring, first_ration, nicolae_ashenzari_panopticon
D:3:      layout_rooms, lemuel_round_altar, serial_undead, serial_undead_b,
          serial_undead_a, serial_undead_c, serial_undead_f
D:4:      layout_rooms, minmay_manual_moon
D:5:      layout_rooms, serial_shops, kennysheep_mini, lemuel_angel_altar
D:6:      layout_cave_pods, minmay_temple_entry_enclosed_plants,
          kb_lookout_dungeons_type, hangedman_decor_peaks_small
D:7:      layout_basic
D:8:      layout_loops_ring, nicolae_ru_sacrificial_ziggurat, serial_shops,
          shop, hangedman_ranch [blue_anna_fruit_fields], uniq_maurice
D:9:      layout_stronghold, serial_shops, nicolae_shop_statue_plus, uniq_joseph
D:10:     layout_long_grid
Temple:   regret_index_temple_chain_breaker

Skill      XL: |  1  2  3  4  5  6  7  8  9 10 |
---------------+-------------------------------+-----
Stealth        | 1 2 3 5 6 9 10 | 10.9
Maces & Flails | 3 4 5 7 |  7.5
Fighting       | 4 6 7 |  7.9
Dodging        | 4 5 6 7 |  7.9
Shields        | 4 6 7 |  7.9

Action                   |  1- 3 |  4- 6 |  7- 9 | 10-12 || total
-------------------------+-------+-------+-------+-------++-------
Melee: Flail             |    20 |       |       |       ||    20
       Constrict         |    18 |    19 |    52 |    23 ||   112
       Tentacles         |    12 |    22 |    60 |    37 ||   131
       Dagger            |    32 |    14 |       |       ||    46
       Whip              |       |    68 |   309 |   146 ||   523
Invok: Vitalisation      |       |       |       |     1 ||     1
Evoke: Wand              |       |       |     5 |     1 ||     6
  Use: Scroll            |       |       |    11 |     2 ||    13
       Potion            |       |       |    17 |     1 ||    18
 Stab: Sleeping          |     4 |       |    18 |    10 ||    32
       Paralysed         |       |       |    21 |       ||    21
       Invisible         |       |       |     2 |     7 ||     9
       Distracted        |       |       |     1 |     1 ||     2
  Eat: Ration            |     1 |       |     2 |     2 ||     5
       Chunk             |       |     2 |     8 |     2 ||    12
Armor: Skin              |     1 |     3 |     6 |     3 ||    13
Dodge: Dodged            |    25 |    24 |   126 |    66 ||   241
Block: Shield            |    19 |    27 |   110 |    65 ||   221

Table legend:
 A = Non-vault XP
 B = Vault XP
 C = Vault XP percentage of total XP
 D = Non-vault monster count
 E = Vault monster count
 F = Vault count percentage of total count
                 A         B        C        D         E       F
            +---------+---------+-------+---------+---------+-------
      Total |    5207 |    2862 |  35.5 |     164 |      15 |   8.4
            +---------+---------+-------+---------+---------+-------
        D:1 |       8 |       4 |  33.3 |       5 |       2 |  28.6
        D:2 |      49 |       0 |   0.0 |      14 |       0 |   0.0
        D:3 |      89 |      22 |  19.8 |      15 |       1 |   6.2
        D:4 |     300 |      58 |  16.2 |      11 |       2 |  15.4
        D:5 |     391 |       0 |   0.0 |      14 |       0 |   0.0
        D:6 |     405 |     110 |  21.4 |      18 |       1 |   5.3
        D:7 |    1154 |       0 |   0.0 |      23 |       0 |   0.0
        D:8 |    1612 |    2668 |  62.3 |      40 |       9 |  18.4
        D:9 |     972 |       0 |   0.0 |      19 |       0 |   0.0
       D:10 |     227 |       0 |   0.0 |       5 |       0 |   0.0
            +---------+---------+-------+---------+---------+-------
